 Dungeon Crawl Stone Soup version 0.24-a0-528-g98e85ec62a (webtiles) character file.

Game seed: 16577339172679967040

18 Mithandil the Chucker (level 2, 25/25 HPs)
             Began as a Hill Orc Hunter on Aug 6, 2019.
             Quit the game on level 1 of the Dungeon.
             The game lasted 00:03:22 (728 turns).

Mithandil the Chucker (Hill Orc Hunter)              Turns: 728, Time: 00:03:22

Health: 25/25      AC:  3    Str: 14    XL:     2   Next: 70%
Magic:  2/2        EV: 12    Int: 11    God:
Gold:   7          SH:  0    Dex: 11    Spells: 1/1 levels left

rFire    . . .     SeeInvis .   a - +0 short sword
rCold    . . .     Gourm    .   (no shield)
rNeg     . . .     Faith    .   b - +0 leather armour
rPois    .         Spirit   .   (no helmet)
rElec    .         Reflect  .   (no cloak)
rCorr    .         Harm     .   (no gloves)
MR       .....                  (no boots)
Stlth    +.........             (no amulet)
HPRegen  0.08/turn              (no ring)
MPRegen  0.08/turn              (no ring)

@: no status effects
A: no striking features
a: no special abilities


You were on level 1 of the Dungeon.
You were not hungry.

You visited 1 branch of the dungeon, and saw 2 of its levels.

You collected 7 gold pieces.

Inventory:

Hand Weapons
 a - a +0 short sword (weapon)
Missiles
 c - 6 javelins (quivered)
 d - 2 throwing nets
Armour
 b - a +0 leather armour (worn)
Scrolls
 e - a scroll of teleportation {unknown}
 h - a scroll of enchant weapon {unknown}
Comestibles
 f - a ration
 g - 2 chunks of flesh


   Skills:
 + Level 2.7 Fighting
 + Level 3.7 Throwing
 + Level 1.8 Dodging
 + Level 1.1 Stealth
 + Level 0.4 Spellcasting


You had one spell level left.
You didn't know any spells.
Your spell library was empty.

Dungeon Overview and Level Annotations

Branches:
Dungeon (2/15)

Altars:


Message History

A frilled lizard comes into view.
The frilled lizard hisses angrily.
Found a scroll labeled ODDIEJ GUMMUOPT.
You hit the frilled lizard.
The frilled lizard is heavily wounded.
The frilled lizard closely misses you.
You closely miss the frilled lizard.
The frilled lizard is heavily wounded.
The frilled lizard bites you but does no damage.
You hit the frilled lizard.
You kill the frilled lizard!
You see here a frilled lizard corpse.
You butcher the frilled lizard corpse.
g - 2 chunks of flesh (gained 1)
You see here a frilled lizard skeleton.
A goblin comes into view.
h - a scroll labeled ODDIEJ GUMMUOPT You open the door.
There is an open door here.
Are you sure you want to abandon this character and quit the game? (Confirm with "yes".)

##. #.. .....
##########.....g
#................
#.............^..
#................
#...............
#...............
##@#.#......##
#.#.#......###
..#.#...÷....#
####.#........#####
.............÷...
...#........#####
####........#
#........#
######...#


There were no monsters in sight!

Vanquished Creatures
  A leopard gecko (D:1)
  2 goblins (D:1)
  3 hobgoblins (D:1)
  A ball python (D:2)
  2 bats (D:1)
  3 frilled lizards (D:1)
  3 kobolds (D:1)
  4 rats (D:1)
19 creatures vanquished.

Notes
Turn   | Place    | Note
-------+----------+-------------------------------------------
     0 | D:1      | Mithandil the Hill Orc Hunter began the quest for the Orb.
     0 | D:1      | Reached XP level 1. HP: 18/18 MP: 1/1
    44 | D:1      | Reached skill level 1 in Stealth
    63 | D:1      | Reached XP level 2. HP: 20/25 MP: 2/2
   728 | D:1      | Quit the game

Levels and vault maps discovered:
D:1:      wheals_arrival_shading, layout_basic, serial_curves, eino_curves_03,
          eino_curves_01
D:2:      layout_loops_ring, minmay_tetromino_i4

Skill      XL: |  1 |
---------------+----+-----
Stealth        | 1 |  1.1
Fighting       | |  2.7
Throwing       | |  3.7
Dodging        | |  1.8
Spellcasting   | |  0.4

Action                   || total
-------------------------++-------
Melee: Short sword       ||    59
Throw: Javelin           ||     2
Armor: Leather armour    ||    23
Dodge: Dodged            ||    56

Table legend:
 A = Non-vault XP
 B = Vault XP
 C = Vault XP percentage of total XP
 D = Non-vault monster count
 E = Vault monster count
 F = Vault count percentage of total count
                 A         B        C        D         E       F
            +---------+---------+-------+---------+---------+-------
      Total |      27 |       0 |   0.0 |      19 |       0 |   0.0
            +---------+---------+-------+---------+---------+-------
        D:1 |      26 |       0 |   0.0 |      18 |       0 |   0.0
        D:2 |       1 |       0 |   0.0 |       1 |       0 |   0.0
            +---------+---------+-------+---------+---------+-------
